Map: Dreamcatcher LE

Players

FeaR

  • Race: Protoss Protoss
  • Spawn Location: 5:00

DeMusliM - Winner!

  • Race: Terran Terran
  • League: Master
  • Spawn Location: 11:00

Event: HomeStory Cup XVII

VOD

Have the link to the VOD?

Description

Time

  • Played on: June 29, 2018, 11:24 a.m.
  • Length: 5:36

All games in this series

Show
View Real Time Build Order
Export as new Build Order

FeaR Protoss 

Build Orders: 1 Gate Expand, Oracle Opening 

Get SALT Encoding   

  12  0:01  Probe  
  13  0:13  Probe  
  14  0:18  Pylon  
  14  0:24  Probe  
  15  0:32  Probe  
  15  0:37  Gateway  
  15  0:40  Probe  
  16  0:46  Assimilator  
  17  0:51  Probe  
  18  1:03  Probe  
  19  1:17  Probe  
  20  1:25  Nexus  
  20  1:33  Cybernetics Core  
  20  1:37  Probe  
  21  1:42  Assimilator  
  21  1:49  Probe  
  22  1:57  Pylon  
  22  2:01  Probe  
  23  2:06  Adept  
  23  2:15  Probe  
  26  2:18  Stargate  
  26  2:23  Warp Gate  
  26  2:27  Probe  
  27  2:32  Adept  
  27  2:34  Probe  
  29  2:39  Probe  
  29  2:42  Probe  
  32  2:51  Oracle, Probe  
  32  2:52  Probe  
  34  3:03  Adept, Probe  
  34  3:04  Probe  
  41  3:14  Pylon  
  41  3:15  Probe  
  41  3:16  Probe  
  43  3:27  Oracle, Probe  
  43  3:29  Gateway x2  
  43  3:31  Probe  
  45  3:39  Probe  
  49  3:43  Probe  
  50  3:52  Probe  
  50  3:55  Probe  
  52  4:01  Shield Battery  
  52  4:04  Probe  
  52  4:05  Shield Battery  
  52  4:07  Probe  
  54  4:21  Assimilator  
  54  4:24  Assimilator, Twilight Council  
  54  4:26  Pylon  
  54  4:32  Pylon  
  54  4:36  Pylon  
  54  4:43  Stalker  
  54  4:44  Stalker x2  
  52  4:48  Probe  
  52  4:51  Probe  
  37  5:01  Probe  
  37  5:03  Probe  
  37  5:08  Stalker x3  
  37  5:13  Probe  
  44  5:15  Probe  
Show
View Real Time Build Order
Export as new Build Order

DeMusliM Terran - Winner!

Build Orders: Cyclone Opening, Gas First Reaper Expand, Reaper Expand 

Get SALT Encoding   

  12  0:00  SCV  
  13  0:12  SCV  
  14  0:17  Supply Depot  
  14  0:25  SCV  
  14  0:28  Refinery  
  15  0:39  SCV  
  16  0:45  Barracks  
  16  0:51  SCV  
  17  1:03  SCV  
  18  1:15  SCV  
  19  1:32  Orbital Command, Reaper  
  20  1:47  Command Center  
  20  1:57  Factory  
  20  2:00  SCV  
  21  2:07  Barracks Reactor  
  21  2:10  Refinery  
  21  2:13  SCV  
  22  2:20  Supply Depot  
  22  2:25  SCV  
  23  2:38  Factory  
  23  2:42  SCV  
  23  2:43  Marine x2  
  26  2:54  SCV  
  26  2:56  Cyclone  
  30  3:01  Marine x2  
  32  3:09  Orbital Command  
  32  3:19  Marine x2  
  34  3:22  Cyclone  
  37  3:33  Cyclone  
  40  3:38  Supply Depot  
  40  3:40  Marine x2  
  42  3:47  SCV x2  
  44  3:58  Marine x2  
  44  4:00  Cyclone, SCV x2  
  51  4:13  Cyclone  
  51  4:16  SCV  
  54  4:24  Marine x2  
  54  4:27  SCV  
  54  4:28  SCV  
  58  4:34  Cyclone  
  61  4:44  Marine x2  
  62  4:49  SCV  
  62  4:50  SCV  
  56  5:01  Marine x2  
  56  5:02  Cyclone  
  61  5:09  SCV  
  62  5:16  SCV  
Tags
 
Add a new tag
Caveats
  • Supply blocks, unpowered buildings, or Contaminate may cause inaccurate times.
  • Supply counts are checked every 10 seconds.